 Seeded DCSS version 0.27.1 (webtiles) character file.

Game seed: 17384682837998859162 (custom seed)

1015 nicksoapdish the Chiller (level 8, -1/80 HPs)
             Began as an Ogre Ice Elementalist on Aug 22, 2021.
             Slain by a killer bee zombie (3 damage)
             ... on level 5 of the Dungeon.
             The game lasted 00:13:04 (4880 turns).

nicksoapdish the Chiller (Ogre Ice Elementalist)    Turns: 4880, Time: 00:13:05

Health: -1/80      AC: 11    Str: 24    XL:     8   Next: 21%
Magic:  15/17      EV:  9    Int: 23    God:
Gold:   204        SH:  0    Dex:  7    Spells: 12/19 levels left

rFire    + . .     SeeInvis .   a - +0 battleaxe
rCold    . . .     Faith    .   (shield currently unavailable)
rNeg     . . .     Spirit   .   i - +0 robe
rPois    .         Reflect  .   f - +1 hat
rElec    .         Harm     .   (no cloak)
rCorr    .         Rampage  .   (gloves unavailable)
Will     +++..                  (boots unavailable)
Stlth    ..........             m - amulet of magic regeneration
HPRegen  0.23/turn              k - ring of protection from fire
MPRegen  0.40/turn              s - ring "Puicsofy" {Will+++ Str+10 Int+6 Dex-2 Stlth-}

@: ice-armoured, attractive, studying Axes
A: large, unfitting armour, tough skin 1
a: no special abilities


You were on level 5 of the Dungeon.
You visited 1 branch of the dungeon, and saw 5 of its levels.

You collected 204 gold pieces.

Inventory:

Hand Weapons
 a - a +0 battleaxe (weapon)
 b - a +0 giant spiked club
 t - a +0 hand axe
Armour
 f - a +1 hat (worn)
 i - a +0 robe (worn)
Jewellery
 k - a ring of protection from fire (left hand)
 m - an amulet of magic regeneration (around neck)
 s - the ring "Puicsofy" (right hand) {Will+++ Str+10 Int+6 Dex-2 Stlth-}
   (You found it on level 4 of the Dungeon)

   [ring of intelligence]

   Str:       It affects your strength (+10).
   Int:       It affects your intelligence (+6).
   Dex:       It affects your dexterity (-2).
   Will:      It greatly increases your willpower.
   Stlth:     It makes you less stealthy.
Wands
 h - a wand of mindburst (9)
Scrolls
 d - a scroll of teleportation
 g - a scroll of enchant weapon {unknown}
 n - a scroll of identify
 p - a scroll of vulnerability {unknown}
 u - a scroll of amnesia {unknown}
Potions
 e - a potion of berserk rage {unknown}
 l - a potion of invisibility {unknown}
 r - a potion of cancellation {unknown}


   Skills:
 * Level 5.0 Fighting
 * Level 4.2 Axes
 - Level 1.7 Dodging
 - Level 1.4 Stealth
 + Level 6.0 Spellcasting
 + Level 6.1 Ice Magic


You had 12 spell levels left.
You knew the following spells:

 Your Spells              Type           Power      Damage    Failure   Level
a - Freeze                Ice            100%       1d11      1%          1
b - Frozen Ramparts       Ice            70%        1d9       1%          3
c - Ozocubu's Armour      Ice            35%        N/A       1%          3

Your spell library contained the following spells:

 Spells                   Type           Power      Damage    Failure   Level
 Animate Skeleton         Necr           12%        N/A       9%          1
 Static Discharge         Conj/Air       6%         N/A       13%         2
 Hailstorm                Conj/Ice       21%        3d6       24%         4
 Dispel Undead            Necr           6%         3d8       63%         4
 Sticky Flame             Conj/Fire      6%         2d3       63%         4


Dungeon Overview and Level Annotations

Branches:
Dungeon (5/15)
 Temple: D:4-7

Altars:
Makhleb


Innate Abilities, Weirdness & Mutations

You are too large for most types of armour.
You have tough skin. (AC +1)


Message History

The killer bee zombie hits you but does no damage.
The killer bee zombie completely resists.
The wall freezes the killer bee zombie but does no damage.
The killer bee zombie hits you but does no damage.
You hit the killer bee zombie but do no damage.
The killer bee zombie is lightly damaged.
You hear the slow rusting of a distant drain.
The killer bee zombie completely resists.
The wall freezes the killer bee zombie but does no damage.
The killer bee zombie closely misses you.
The killer bee zombie completely resists.
The wall freezes the killer bee zombie but does no damage.
The killer bee zombie hits you.
* * * LOW HITPOINT WARNING * * *
The killer bee zombie completely resists.
The wall freezes the killer bee zombie but does no damage.
The killer bee zombie hits you but does no damage.
You closely miss the killer bee zombie.
The killer bee zombie is lightly damaged.
The killer bee zombie completely resists.
The wall freezes the killer bee zombie but does no damage.
The killer bee zombie hits you but does no damage.
The killer bee zombie completely resists.
The wall freezes the killer bee zombie but does no damage.
The killer bee zombie misses you.
You barely miss the killer bee zombie.
The killer bee zombie is lightly damaged.
The killer bee zombie completely resists.
The wall freezes the killer bee zombie but does no damage.
The killer bee zombie hits you.
* * * LOW HITPOINT WARNING * * *
The killer bee zombie completely resists.
The wall freezes the killer bee zombie but does no damage.
The killer bee zombie hits you but does no damage.
The wall freezes the killer bee zombie but does no damage.
The killer bee zombie hits you but does no damage.
You slash the killer bee zombie!
The killer bee zombie is heavily damaged.
The frozen ramparts melt away.
The killer bee zombie hits you.
You die...

,* #..###...#.#.,,***,,,* * **
##....#**...###,,,,,,***** ,*
######..#.#,#.#.#$#,#,,,,,,,,,
,**#.........##.#.#[##.,,,,,****,
,,##......###..#.#.#..***,,,,,,,,
,,........#(..#.#.#.#,,,*,,,,,,,,
**##......###.!#.#.#,,***,,,,,,,,
***#.........##.#Z#,**,,,,,,****,
,,,######..#.#?#@#,*,*,*,,,,,,,,,
**,* #...†###.†.#**,,,,,,*****
,,,* ***#.###...#.#...***,,,*
**,***,,..#**.#.#?#,#.#**,,,*
,,,,,,,.>..**...###,,,#*,,,,*
,,,***...#.,,...,,,,,,,,,**** ***
**,* #...,.,,.##**,************,*
,,,* *...*####,,,,,,,,,,,,,,,,,*,
**** ***** *,**,,,,**,*******,,


You could see a killer bee zombie.

Vanquished Creatures
  A steam dragon (D:4)
  2 water moccasins (D:5)
  A black bear (D:4)
  An ogre (D:4)
  4 hounds
  A jelly (D:5)
  An orc priest (D:4)
  An iguana (D:5)
  3 iron imps (D:3)
  A hound skeleton (D:4)
  3 gnolls (D:2)
  5 adders
  An ufetubus (D:4)
  2 dart slugs
  10 orcs
  7 ball pythons
  6 endoplasms
  3 giant cockroaches
  12 goblins
  8 hobgoblins
  3 jackals (D:1)
  6 kobolds
  A quokka (D:4)
  7 bats
  2 frilled lizards
  7 rats
99 creatures vanquished.

Vanquished Creatures (others)
  A plant (D:3)
1 creature vanquished.

Grand Total: 100 creatures vanquished

Notes
Turn   | Place    | Note
-------+----------+-------------------------------------------
     0 | D:1      | nicksoapdish the Ogre Ice Elementalist began the quest for
                  | the Orb.
     0 | D:1      | Reached XP level 1. HP: 16/16 MP: 3/3
   282 | D:1      | Reached skill level 1 in Fighting
   282 | D:1      | Reached XP level 2. HP: 27/27 MP: 3/5
   834 | D:1      | Reached XP level 3. HP: 26/33 MP: 0/7
   842 | D:1      | Learned a level 3 spell: Frozen Ramparts
   846 | D:1      | Learned a level 3 spell: Ozocubu's Armour
  2002 | D:2      | Reached XP level 4. HP: 34/42 MP: 1/9
  3011 | D:3      | Reached XP level 5. HP: 50/50 MP: 6/10
  3016 | D:3      | Found a faded altar of an unknown god.
  3024 | D:3      | Got Plato's Incunabulum of Evil
  3248 | D:3      | Found a burning altar of Makhleb.
  3294 | D:3      | Reached skill level 1 in Axes
  3728 | D:3      | Reached XP level 6. HP: 33/61 MP: 5/12
  3917 | D:4      | Reached skill level 5 in Ice Magic
  4259 | D:4      | Identified the ring "Puicsofy" {Will+++ Str+10 Int+6 Dex-2
                  | Stlth-}
  4389 | D:4      | Noticed a black bear
  4392 | D:4      | Reached XP level 7. HP: 68/68 MP: 8/14
  4399 | D:4      | Noticed a steam dragon
  4400 | D:4      | Reached skill level 5 in Spellcasting
  4408 | D:4      | Killed a steam dragon
  4787 | D:5      | Entered Level 5 of the Dungeon
  4848 | D:5      | Reached XP level 8. HP: 49/79 MP: 13/16
  4862 | D:5      | Reached skill level 5 in Fighting
  4872 | D:5      | HP: 3/80 [killer bee zombie (2)]
  4879 | D:5      | HP: 2/80 [killer bee zombie (4)]
  4880 | D:5      | Slain by a killer bee zombie

Illustrated notes

Levels and vault maps discovered:
D:1:      enne_arrival_octagon_isle, layout_loops_ring, nrook_uturn,
          chequers_serial_rivers_marsh
D:2:      layout_basic, minivault_5, minmay_surrounded
D:3:      layout_basic, demons_altar, shapermc_ecumenical_altar_rom_forum,
          minmay_tree_intersection
D:4:      layout_cave_pools, serial_park_tiny_1, nrook_mini_vaults,
          supply_closet_lemuel, minmay_manual_monstrance
D:5:      layout_loops_cross, nicolae_overflow_quartered_altars,
          gup_sewer_entry_pipe, hangedman_abyss_or_decor_passed,
          minmay_starry_boxes

Skill      XL: |  1  2  3  4  5  6  7  8 |
---------------+-------------------------+-----
Fighting       | 1 2 3 4 5 |  5.0
Ice Magic      | 4 5 6 |  6.1
Spellcasting   | 3 4 5 6 |  6.0
Axes           | 1 2 3 4 |  4.2
Dodging        | |  1.7
Stealth        | |  1.4

Action                   |  1- 3 |  4- 6 |  7- 9 || total
-------------------------+-------+-------+-------++-------
Melee: Unarmed           |     2 |       |       ||     2
       Short sword       |    18 |    16 |       ||    34
       Hand axe          |       |    78 |    12 ||    90
       Battleaxe         |       |       |    24 ||    24
 Cast: Freeze            |    37 |     4 |     2 ||    43
       Frozen Ramparts   |     9 |    22 |     8 ||    39
       Ozocubu's Armour  |     1 |     8 |     3 ||    12
  Use: Scroll            |     2 |       |     2 ||     4
       Potion            |       |       |     2 ||     2
 Stab: Sleeping          |     1 |       |       ||     1
Armor: Robe              |    15 |    39 |    30 ||    84
Dodge: Dodged            |    23 |    46 |    26 ||    95
